 Dungeon Crawl Stone Soup version 0.28-a0-511-gcc94558de3 (webtiles) character file.

Game seed: 647153643054381110

742 siradein the Skirmisher (level 7, -1/60 HPs)
             Began as a Ghoul Gladiator on Sept 22, 2021.
             Slain by an orc warrior (5 damage)
             ... on level 3 of the Dungeon.
             The game lasted 00:13:39 (5649 turns).

siradein the Skirmisher (Ghoul Gladiator)           Turns: 5649, Time: 00:13:40

Health: -1/60      AC: 14    Str: 20    XL:     7   Next: 76%
Magic:  6/6        EV:  7    Int:  3    God:
Gold:   114        SH:  0    Dex: 10    Spells: 6/6 levels left

rFire   . . .      SeeInvis .   x - +4 halberd
rCold   + . .      Faith    .   (shield currently unavailable)
rNeg    + + +      Spirit   .   a - +0 plate armour
rPois   ∞          Reflect  .   q - +2 helmet
rElec   .          Harm     .   (no cloak)
rCorr   .          Rampage  .   (no gloves)
Will    .....                   (no boots)
Stlth   ..........              (no amulet)
HPRegen 0.00/turn               (no ring)
MPRegen 0.10/turn               (no ring)

@: very slightly contaminated, inhibited regen, invisible
A: claws 1, cold resistance 1, negative energy resistance 3, inhibited
regeneration, torment resistance 2
a: no special abilities


You were on level 3 of the Dungeon.
You visited 1 branch of the dungeon, and saw 4 of its levels.

You collected 166 gold pieces.
You spent 52 gold pieces at shops.

Inventory:

Hand Weapons
 l - a +0 hunting sling
 n - a +0 battleaxe
 x - a +4 halberd (weapon)
Missiles
 d - 3 throwing nets (quivered)
 f - 120 stones
 p - 8 javelins
Armour
 a - a +0 plate armour (worn)
 q - a +2 helmet (worn)
Scrolls
 e - 3 scrolls of enchant armour {unknown}
 h - 3 scrolls of identify {unknown}
 j - 3 scrolls of teleportation {unknown}
 t - 2 scrolls of amnesia {unknown}
 v - a scroll of silence {unknown}
Potions
 c - a potion of haste {unknown}
 i - a potion of ambrosia {unknown}
 k - a potion of berserk rage {unknown}
 m - a potion of brilliance {unknown}
 o - a potion of mutation {unknown}
 r - a potion of flight {unknown}
 s - a potion of magic {unknown}
 u - a potion of attraction {unknown}
 w - a potion of curing {unknown}


   Skills:
 + Level 4.6 Fighting
 + Level 4.3 Axes
 + Level 3.8 Throwing
 + Level 2.8 Armour
 + Level 4.3 Dodging


You had 6 spell levels left.
You didn't know any spells.
Your spell library contained the following spells:

 Spells                   Type           Power      Damage    Failure   Level
 Ozocubu's Armour         Ice            0%         N/A       100%        3
 Ozocubu's Refrigeration  Ice            0%         4d5       100%        7


Dungeon Overview and Level Annotations

Branches:
Dungeon (4/15)
 Temple: D:4-7

Altars:
Fedhas
The Shining One

Shops:
D:1 (   D:3 =([[!


Innate Abilities, Weirdness & Mutations

You thrive by killing the living.
You are immune to poison.
You have sharp fingernails.
Your flesh is cold resistant. (rC+)
You are immune to negative energy. (rN+++)
You do not regenerate when monsters are visible.
You are immune to unholy pain and torment.


Message History

Things that are here:
a +0 robe; a +0 hand axe
There is a stone staircase leading up here.
You see here a +0 war axe.
The orc warrior hits you but does no damage.
You climb upwards.
There is a stone staircase leading down here.
You see here a +0 robe.
You see here a +0 robe.
You fade into invisibility!
The orc warrior closely misses you.
You are very lightly contaminated with residual magic.
You hit the orc warrior but do no damage.
The orc warrior hits you but does no damage.
The orc warrior closely misses you.
You completely miss the orc warrior.
The orc warrior hits you but does no damage.
You closely miss the orc warrior.
The orc warrior hits you but does no damage.
You closely miss the orc warrior. The orc warrior barely misses you. x2
You hit the orc warrior.
The orc warrior is lightly wounded.
The orc warrior hits you but does no damage.
You slash the orc warrior!
The orc warrior is severely wounded.
The orc warrior hits you with a +0 flail.
You strike the helpless orc warrior from behind!
You hit the orc warrior but do no damage.
The orc warrior is severely wounded.
The orc warrior hits you with a +0 flail!
* * * LOW HITPOINT WARNING * * *
The orc warrior hits you but does no damage.
You closely miss the orc warrior.
The orc warrior is severely wounded.
The orc warrior hits you with a +0 flail!
* * * LOW HITPOINT WARNING * * *
You closely miss the orc warrior.
The orc warrior is severely wounded.
The orc warrior hits you with a +0 flail.
You die...

.### #.#######.#
#... ## #.[>..[...#
###. # #)#######.#
#. # #.# #.# #.
###### #<# #.# #.
.....###.#### #[# #.
.>..........# #.# #.
..)..#...♣♣.♣ #o# ##
###......♣≈≈♣ #@# #
#.##..♣♣†)♣♣ #.# #
#.....♣♣♣..♣ ♣.#
#### #
##.♣♣♣♣♣P≈≈♣♣♣♣♣
#..# #
#.PPP♣≈.≈≈P♣≈≈♣##.8#
#
#..≈≈≈≈≈≈≈≈.≈≈..#..#
#
##♣.♣♣P.≈..P♣♣♣.#.<#
### ♣♣♣♣♣♣≈P♣♣♣
♣.)..## #.. ♣≈P♣
##..∩.# ###.#


You could see an orc warrior.

Vanquished Creatures
  Eustachio (D:4)
  A necrophage (D:4)
  5 wights
  A bullfrog skeleton (D:4)
  Natasha (thrice) (D:2)
  3 orc wizards (D:4)
  Robin (D:2)
  2 adders
  A worm (D:2)
  3 dart slugs
  14 orcs
  7 ball pythons
  5 bats
  5 endoplasms
  6 giant cockroaches
  9 goblins
  4 hobgoblins
  3 jackals (D:1)
  3 quokkas
  2 frilled lizards
  9 kobolds
  2 rats
90 creatures vanquished.

Vanquished Creatures (others)
  A plant (D:3)
1 creature vanquished.

Grand Total: 91 creatures vanquished

Notes
Turn   | Place    | Note
-------+----------+-------------------------------------------
     0 | D:1      | siradein the Ghoul Gladiator began the quest for the Orb.
     0 | D:1      | Reached XP level 1. HP: 17/17 MP: 0/0
   322 | D:1      | Reached XP level 2. HP: 23/25 MP: 1/1
   568 | D:1      | Found a faded altar of an unknown god.
   657 | D:1      | Found Ciluam's Weapon Shop.
  1431 | D:2      | Reached XP level 3. HP: 30/30 MP: 2/2
  1673 | D:2      | Noticed Natasha
  1682 | D:2      | Killed Natasha
  1750 | D:2      | Reached XP level 4. HP: 24/37 MP: 3/3
  1932 | D:2      | Noticed Natasha
  1954 | D:2      | HP: 1/37 [Natasha (2)]
  1958 | D:2      | Killed Natasha
  2208 | D:2      | Noticed Natasha
  2607 | D:2      | Killed Natasha
  2720 | D:3      | Reached XP level 5. HP: 45/45 MP: 4/4
  2820 | D:3      | Found Arufay's Antique Weapon Shoppe.
  2846 | D:3      | Found Nyompemuadd's Jewellery Shoppe.
  2856 | D:3      | Noticed Robin
  2893 | D:2      | Killed Robin
  2894 | D:2      | Reached skill level 1 in Armour
  3147 | D:3      | Found a blossoming altar of Fedhas.
  3259 | D:3      | Found Saitufoa's Distillery.
  3280 | D:3      | Found Tuneonele's Armour Emporium.
  3424 | D:3      | Found Zoklowes's Armour Shoppe.
  3427 | D:3      | Bought a +0 scale mail for 52 gold pieces
  3739 | D:3      | Reached XP level 6. HP: 26/52 MP: 5/5
  4530 | D:4      | Reached XP level 7. HP: 14/59 MP: 6/6
  5038 | D:4      | Noticed Eustachio
  5148 | D:4      | Killed Eustachio
  5649 | D:3      | Slain by an orc warrior

Illustrated notes

Levels and vault maps discovered:
D:1:      minmay_arrival_split_and_join, layout_basic, basic_ecumenical_altar,
          serial_shops, nicolae_shop_trees, serial_park_tiny_1,
          minmay_tromino_v4_b
D:2:      layout_basic, basic_altar, minmay_crystal_room, moated_statue,
          uniq_natasha
D:3:      layout_loops_ring, fedhas_altar_2, serial_shops, shop, shop_statue,
          nicolae_shop_behind_doors, shop, nicolae_shop_stone,
          serial_bayou_crossing, uniq_robin
D:4:      layout_basic, guppyfry_early_orc_mine, uniq_eustachio

Skill      XL: |  1  2  3  4  5  6  7 |
---------------+----------------------+-----
Throwing       | 2 3 |  3.8
Axes           | 3 4 |  4.3
Dodging        | 3 4 |  4.3
Fighting       | 3 4 |  4.6
Armour         | 1 2 |  2.8

Action                   |  1- 3 |  4- 6 |  7- 9 || total
-------------------------+-------+-------+-------++-------
Melee: War axe           |    70 |   140 |       ||   210
       Battleaxe         |       |    46 |   112 ||   158
       Halberd           |       |       |    23 ||    23
 Fire: Hunting sling     |       |       |     1 ||     1
  Use: Potion            |       |       |     2 ||     2
 Stab: Invisible         |       |       |     1 ||     1
Armor: Leather armour    |    15 |       |       ||    15
       Plate armour      |     7 |   154 |   144 ||   305
       Scale mail        |       |     2 |       ||     2
Dodge: Dodged            |    47 |    70 |    65 ||   182

Table legend: (Time is in decaauts)
 A = Elapsed time spent in this place.
 B = Non-inter-level travel time spent in this place.
 C = Inter-level travel time spent in this place.
 D = Time resting spent in this place.
 E = Time spent auto-exploring this place.
 F = Levels seen in this place.
 G = Mean time per level.
                   A        B        C        D        E       F      G
               +--------+--------+--------+--------+--------+-----+--------+
         Total |   5832 |   5718 |    114 |   1280 |   2890 |   4 | 1458.0 |
       Dungeon |   5832 |   5718 |    114 |   1280 |   2890 |   4 | 1458.0 |
               +--------+--------+--------+--------+--------+-----+--------+

Top non-repeatable levels by time:
     D:2: 1686 daAuts
     D:4: 1425 daAuts
     D:1: 1389 daAuts
     D:3: 1330 daAuts
